 Dungeon Crawl Stone Soup version 0.25-a0-578-gc91f01c39c (webtiles) character file.

Game seed: 13605586079629398447, levelgen mode: deterministic

118 wullow the Skirmisher (level 4, -1/35 HPs)
             Began as a Demonspawn Fighter on Mar 4, 2020.
             Killed from afar by an orc wizard (9 damage)
             ... with a magic dart
             ... on level 5 of the Dungeon.
             The game lasted 00:05:06 (1720 turns).

wullow the Skirmisher (Demonspawn Fighter)          Turns: 1720, Time: 00:05:07

Health: -1/35      AC: 12    Str: 17    XL:     4   Next: 72%
Magic:  4/4        EV:  2    Int:  9    God:
Gold:   96         SH:  8    Dex: 13    Spells: 3/3 levels left

rFire    . . .     SeeInvis .   a - +0 rapier
rCold    . . .     Gourm    .   c - +0 kite shield
rNeg     . . .     Faith    .   h - +0 plate armour
rPois    +         Spirit   .   (helmet restricted)
rElec    .         Reflect  .   w - +0 cloak (curse)
rCorr    .         Harm     .   (no gloves)
MR       .....     Clarity  +   (no boots)
Stlth    ..........             (no amulet)
HPRegen  0.11/turn              v - ring of poison resistance
MPRegen  0.09/turn              (no ring)

@: mighty, drained
A: antennae 1, clarity, foul stench 1, wild magic 1, rot immunity
a: no special abilities


You were on level 5 of the Dungeon.
You were not hungry.

You visited 1 branch of the dungeon, and saw 4 of its levels.

You collected 96 gold pieces.

Inventory:

Hand Weapons
 a - a +0 rapier (weapon)
 l - a +0 hunting sling
 p - a +0 dagger
Missiles
 e - 27 bolts
 k - 53 stones (quivered)
 u - a throwing net
 x - 15 poisoned darts
Armour
 b - a +0 scale mail
 c - a +0 kite shield (worn)
 h - a +0 plate armour (worn)
 s - the +1 helmet "Bukel" {MR- Int+4 Dex+3, unknown}
   (You found it on level 5 of the Dungeon)

   It affects your intelligence (+4).
   It affects your dexterity (+3).
   It affects your resistance to hostile enchantments.
   If you switch to wearing this armour, your AC will increase by 2 (12 -> 14).
 w - a cursed +0 cloak (worn)
Jewellery
 v - a ring of poison resistance (left hand)
Scrolls
 i - a scroll of identify
 m - 2 scrolls of remove curse
 n - a scroll of fog {unknown}
 q - a scroll of teleportation {unknown}
Potions
 d - a potion of might
 o - a potion of lignification
 r - 3 potions of haste
Comestibles
 f - 5 rations
 g - 5 chunks of flesh


   Skills:
 + Level 3.5(2.5) Fighting
 * Level 3.0(2.0) Short Blades
 + Level 3.1(2.1) Armour
 * Level 3.5(2.5) Shields


You had 3 spell levels left.
You didn't know any spells.
Your spell library was empty.

Dungeon Overview and Level Annotations

Branches:
Dungeon (3/15)

Altars:
Gozag
Qazlal
Trog


Innate Abilities, Weirdness & Mutations

You may emit foul miasma when damaged in melee.
You are immune to rotting.
You have a pair of small antennae on your head.
You possess an exceptional clarity of mind.
Your spells are a little harder to cast, but a little more powerful.


Message History

Ouch! That really hurt!
* * * LOW HITPOINT WARNING * * *
The orc wizard gestures at you while chanting.
The magic dart hits you but does no damage.
You feel very mighty all of a sudden.
The orc wizard hits you but does no damage.
It was a potion of mutation.
You feel extremely strange.
Your thoughts seem clearer.
A pair of antennae grows on your head!
You feel less in control of your magic. You block the orc wizard's attack.
It was a potion of curing.
You feel better.
The orc wizard gestures at you while chanting.
The puff of flame hits you.
* * * LOW HITPOINT WARNING * * *
You puncture the orc wizard!
You kill the orc wizard!
Your base Short Blades skill increases to level 3!
A magic dart appears from out of thin air!
The magic dart hits you!
You die...

########
#{)@...#
#o####.....
#o# ##.
##o## #...#
#?{.# ..o.#
...o...
.........


You could see an orc.

Vanquished Creatures
  Terence (D:2)
  An orc wizard (D:5)
  An adder (D:2)
  An ooze (D:2)
  2 worms (D:2)
  2 leopard geckos
  An orc (D:3)
  A ball python (D:2)
  10 bats
  A giant cockroach (D:2)
  4 goblins (D:2)
  4 hobgoblins
  3 jackals (D:3)
  2 quokkas (D:2)
  2 frilled lizards
  3 kobolds
  9 rats
48 creatures vanquished.

Notes
Turn   | Place    | Note
-------+----------+-------------------------------------------
     0 | D:1      | wullow the Demonspawn Fighter began the quest for the Orb.
     0 | D:1      | Reached XP level 1. HP: 18/18 MP: 1/1
   245 | D:1      | Gained mutation: You are immune to rotting. [demonic
                  | ancestry]
   245 | D:1      | Reached XP level 2. HP: 23/24 MP: 2/2
   754 | D:2      | Noticed Terence
   756 | D:2      | Reached XP level 3. HP: 29/29 MP: 3/3
   774 | D:2      | Killed Terence
   796 | D:2      | Found an opulent altar of Gozag.
   873 | D:2      | You fall into a shaft and drop 1 floor!
   873 | D:3      | Found a faded altar of an unknown god.
  1030 | D:2      | Gained mutation: You may emit foul miasma when damaged in
                  | melee. [demonic ancestry]
  1030 | D:2      | Reached XP level 4. HP: 35/35 MP: 4/4
  1123 | D:2      | Found a stormy altar of Qazlal.
  1192 | D:2      | Found a bloodstained altar of Trog.
  1693 | D:3      | You fall into a shaft and drop 2 floors!
  1693 | D:5      | Entered Level 5 of the Dungeon
  1699 | D:5      | Got an ancient helmet
  1718 | D:5      | Gained mutation: You possess an exceptional clarity of
                  | mind. [potion of mutation]
  1718 | D:5      | Gained mutation: You have a pair of small antennae on your
                  | head. [potion of mutation]
  1718 | D:5      | Gained mutation: Your spells are a little harder to cast,
                  | but a little more powerful. [potion of mutation]
  1720 | D:5      | Killed from afar by an orc wizard

Levels and vault maps discovered:
D:1:      minmay_arrival_up_and_down, layout_rooms,
          chequers_serial_rivers_small_a
D:2:      layout_loops_ring, lemuel_doored_altar, lemuel_round_altar,
          nicolae_gozag_seed_capital, first_ration, uniq_terence
D:3:      layout_loops_ring, chequers_ecumenical_altar_simple
D:5:      layout_loops_cross, hangedman_decor_clover_reticule,
          minmay_shop_damaged, grunt_dithmenos_shadows, uniq_eustachio,
          uniq_prince_ribbit1

Skill      XL: |  1  2  3  4 |
---------------+-------------+-----
Short Blades   | 2 3 |  3.0
Shields        | 3 |  3.5
Armour         | 3 |  3.1
Fighting       | |  3.5

Action                   |  1- 3 |  4- 6 || total
-------------------------+-------+-------++-------
Melee: Rapier            |   122 |    69 ||   191
  Use: Scroll            |     3 |     3 ||     6
       Potion            |       |     3 ||     3
  Eat: Chunk             |     1 |     2 ||     3
Armor: Scale mail        |    35 |       ||    35
       Plate armour      |    28 |    41 ||    69
Dodge: Dodged            |    31 |     5 ||    36
Block: Kite shield       |    50 |    35 ||    85

Table legend:
 A = Non-vault XP
 B = Vault XP
 C = Vault XP percentage of total XP
 D = Non-vault monster count
 E = Vault monster count
 F = Vault count percentage of total count
                 A         B        C        D         E       F
            +---------+---------+-------+---------+---------+-------
      Total |     133 |      36 |  21.3 |      47 |       1 |   2.1
            +---------+---------+-------+---------+---------+-------
        D:1 |      17 |       0 |   0.0 |      13 |       0 |   0.0
        D:2 |      67 |      36 |  35.0 |      25 |       1 |   3.8
        D:3 |      16 |       0 |   0.0 |       8 |       0 |   0.0
        D:5 |      33 |       0 |   0.0 |       1 |       0 |   0.0
            +---------+---------+-------+---------+---------+-------
